 Dungeon Crawl Stone Soup version 0.31-a0-620-gd1cbd99268 (webtiles) character file.

Game seed: 15694057021665101329

96 Dittersdorf the Shield-Bearer (level 4, -1/29 HPs)
             Began as a Gargoyle Fighter on Aug 23, 2023.
             Slain by a hobgoblin (6 damage)
             ... led by Robin
             ... on level 3 of the Dungeon.
             The game lasted 00:03:36 (2009 turns).

Dittersdorf the Shield-Bearer (Gargoyle Fighter)    Turns: 2009, Time: 00:03:37

Health: -1/29      AC: 10    Str: 21    XL:     4   Next: 67%
Magic:  4/4        EV:  6    Int:  9    God:
Gold:   119        SH: 11    Dex:  9    Spells: 3/3 levels left

rFire   . . .        a - +0 flail
rCold   . . .        q - +0 tower shield
rNeg    + . .        b - +0 scale mail
rPois   ∞            (no helmet)
rElec   +            (no cloak)
rCorr   .            (no gloves)
SInv    .            (no boots)
Will    .....        (no amulet) Stlth
                     (no ring)
HPRegen 0.24/turn    (no ring)
MPRegen 0.09/turn

%: no passive effects
@: no status effects
A: sickness immunity, AC +3, negative energy resistance 1, electricity
resistance, torment resistance 1, petrification resistance
a: no special abilities


You were on level 3 of the Dungeon.
You visited 1 branch of the dungeon, and saw 3 of its levels.

You collected 119 gold pieces.

Inventory:

Hand Weapons
 a - a +0 flail (weapon)
Armour
 b - a +0 scale mail (worn)
 m - a +0 plate armour
 q - a +0 tower shield (worn)
Jewellery
 o - a ring of fire
Scrolls
 e - a scroll of blinking {unknown}
 f - a scroll of poison {unknown}
 g - 2 scrolls of teleportation {unknown}
 h - a scroll of acquirement {unknown}
 i - 3 scrolls of identify {unknown}
 j - 2 scrolls of immolation {unknown}
 p - a scroll of summoning {unknown}
Potions
 d - a potion of might
 k - 2 potions of lignification {unknown}
 l - a potion of enlightenment {unknown}
 n - a potion of heal wounds {unknown}


   Skills:
 + Level 4.0 Fighting
 + Level 2.9 Maces & Flails
 + Level 4.0 Armour
 + Level 4.1 Shields


You had 3 spell levels left.
You didn't know any spells.
Your spell library was empty.

Dungeon Overview and Level Annotations

Branches:
Dungeon (3/15)

Altars:

Shops:
D:1 =

Annotations:
D:3 Robin


Innate Abilities, Weirdness & Mutations

You are immune to sickness and miasma.
Your stone body is resilient. (AC +3)
You are immune to poison.
You resist negative energy. (rN+)
You are resistant to electric shocks. (rElec)
You are resistant to unholy torment.
You are immune to petrification.


Message History

You are too injured to fight recklessly!
You are too injured to fight recklessly!
You are too injured to fight recklessly!
You are too injured to fight recklessly!
You are too injured to fight recklessly!
You are too injured to fight recklessly!
You are too injured to fight recklessly!
You are too injured to fight recklessly!
You are too injured to fight recklessly!
You are too injured to fight recklessly!
You are too injured to fight recklessly!
You are too injured to fight recklessly!
You are too injured to fight recklessly!
You are too injured to fight recklessly!
You are too injured to fight recklessly!
You are too injured to fight recklessly!
You are too injured to fight recklessly!
You are too injured to fight recklessly!
You are too injured to fight recklessly!
You are too injured to fight recklessly!
You hit the goblin.
The goblin is heavily wounded.
The goblin hits you with a +3 dagger. You block the hobgoblin's attack.
The goblin hits you but does no damage.
A goblin comes into view. It is wielding a +0 club.
The goblin hits you but does no damage. The hobgoblin barely misses you.
You block the goblin's attack. The goblin hits you but does no damage.
The goblin barely misses you. The goblin closely misses you.
You miss the goblin.
The goblin is heavily wounded.
The goblin shouts!
The goblin hits you with a +3 dagger. The goblin hits you but does no damage.
Robin barely misses you. The goblin hits you with a +0 dagger.
* * * LOW HITPOINT WARNING * * *
The goblin hits you with a +0 dagger.
* * * LOW HITPOINT WARNING * * *
You hit the goblin.
You kill the goblin!
The hobgoblin hits you.
You die...

..# #.## #.#. #.#. #.#.
######### #.#.
######g.)....#...####...
......g@#..#.# #....†...
......gg##..)###########
....gg.g###.............
.....g..# #.............
...g....# ##############
..g.....# #....
........# #....
......... #.... #....


You could see Robin, 2 hobgoblins and 7 goblins.

Vanquished Creatures
  An adder (D:3)
  3 worms (D:2)
  2 dart slugs (D:2)
  4 orcs (D:3)
  8 bats
  4 endoplasms
  4 giant cockroaches
  2 hobgoblins
  8 jackals
  3 kobolds (D:2)
  A quokka (D:1)
  4 ball pythons
  3 frilled lizards (D:1)
  14 goblins
  4 rats
65 creatures vanquished.

Notes
Turn   | Place    | Note
-------+----------+-------------------------------------------
     0 | D:1      | Dittersdorf the Gargoyle Fighter began the quest for the
                  | Orb.
     0 | D:1      | Reached XP level 1. HP: 14/14 MP: 1/1
    43 | D:1      | Reached XP level 2. HP: 19/19 MP: 2/2
   105 | D:1      | Found Unnomago's Jewellery Emporium.
   313 | D:1      | Reached XP level 3. HP: 23/23 MP: 3/3
   708 | D:2      | Found a faded altar of an unknown god.
   900 | D:2      | Reached XP level 4. HP: 29/29 MP: 4/4
  1995 | D:3      | Identified the +6 dagger "Vailoi" {venom, rPois rC- Str+5}
  2002 | D:3      | Noticed Robin
  2009 | D:3      | Slain by a hobgoblin

Illustrated notes

Levels and vault maps discovered:
D:1:      erik_arrival_blinker_ship, layout_rooms, serial_shops, shop
D:2:      layout_loops_ring, ebering_ecumenical_altar_sacrificial,
          serial_forest, infiniplex_forest_lined_2,
          infiniplex_forest_clump_large, infiniplex_forest_clump_long,
          infiniplex_forest_straight_4, infiniplex_forest_clump_small,
          infiniplex_forest_corner_1, infiniplex_forest_clump_large,
          infiniplex_forest_clump_diagonal, infiniplex_forest_lined_corner
D:3:      layout_basic, uniq_ijyb, uniq_robin

Skill      XL: |  1  2  3  4 |
---------------+-------------+-----
Shields        | 4 |  4.1
Fighting       | 4 |  4.0
Armour         | 4 |  4.0
Maces & Flails | |  2.9

Action                     |  1- 3 |  4- 6 || total
---------------------------+-------+-------++-------
  Melee: Flail             |   167 |   218 ||   385
 Armour: Scale mail        |   115 |    56 ||   171
  Dodge: Dodged            |    76 |    55 ||   131
  Block: Buckler           |    52 |    27 ||    79
         Tower shield      |       |    10 ||    10

Table legend: (Time is in decaauts)
 A = Elapsed time spent in this place.
 B = Non-inter-level travel time spent in this place.
 C = Inter-level travel time spent in this place.
 D = Time resting spent in this place.
 E = Time spent auto-exploring this place.
 F = Levels seen in this place.
 G = Mean time per level.
                   A        B        C        D        E       F      G
               +--------+--------+--------+--------+--------+-----+--------+
         Total |   2127 |   2015 |    112 |      0 |   1282 |   3 |  709.0 |
       Dungeon |   2127 |   2015 |    112 |      0 |   1282 |   3 |  709.0 |
               +--------+--------+--------+--------+--------+-----+--------+

Top non-repeatable levels by time:
     D:2: 1083 daAuts
     D:1: 626 daAuts
     D:3: 416 daAuts
